 Dungeon Crawl Stone Soup version 0.29.0-11-gd7f09526c8 (webtiles) character file.

Game seed: 10526217379442736163

613 Strat the Cleaver (level 7, -15/61 HPs)
             Began as a Minotaur Berserker on Sept 6, 2022.
             Was a Believer of Trog.
             Demolished by a two-headed ogre
             ... wielding a +0 giant spiked club
              (25 damage)
             ... on level 6 of the Dungeon.
             The game lasted 00:09:23 (1982 turns).

Strat the Cleaver (Minotaur Berserker)              Turns: 1982, Time: 00:09:24

Health: -15/61     AC:  7    Str: 23    XL:     7   Next: 20%
Magic:  6/6        EV: 10    Int:  4    God:    Trog [**....]
Gold:   168        SH:  0    Dex: 10    Spells: 6/6 levels left

rFire   . . .      SeeInvis .   a - +1 hand axe (vamp)
rCold   . . .      Faith    .   (no shield)
rNeg    . . .      Spirit   .   i - +0 scale mail
rPois   .          Reflect  .   (helmet restricted)
rElec   .          Harm     .   (no cloak)
rCorr   .          Rampage  .   (no gloves)
Will    .....                   (no boots)
Stlth   ..........              (no amulet)
HPRegen 0.20/turn               (no ring)
MPRegen 0.10/turn               (no ring)

@: about to teleport
A: horns 2, retaliatory headbutt
a: Renounce Religion, Berserk, Trog's Hand


You were on level 6 of the Dungeon.
You worshipped Trog.
Trog was pleased with you.
You visited 1 branch of the dungeon, and saw 6 of its levels.

You collected 192 gold pieces.
You spent 24 gold pieces at shops.

Inventory:

Hand Weapons
 a - a +1 vampiric hand axe (weapon)
 s - the +2 scimitar of Geapogu {flame, Drain Will+ MP+9 Dex+7}
   (You found it on level 3 of the Dungeon)

   It burns those it strikes, dealing additional fire damage.
   Big, fiery blades are also staple armaments of hydra-hunters.
   Dex:       It affects your dexterity (+7).
   MP:        It affects your magic capacity (+9).
   Drain:     It drains your maximum health when unequipped.
   Will:      It increases your willpower.
Missiles
 m - 5 silver javelins (quivered)
Armour
 b - a +0 animal skin
 c - a +0 leather armour
 i - a +0 scale mail (worn)
 r - a +0 leather armour
Scrolls
 f - 2 scrolls of teleportation
 j - a scroll of amnesia
 p - 2 scrolls of identify {unknown}
 u - a scroll of enchant armour {unknown}
 v - a scroll of enchant weapon
Potions
 d - a potion of resistance {unknown}
 e - a potion of might
 g - a potion of attraction {unknown}
 h - a potion of mutation {unknown}
 k - a potion of lignification {unknown}
 l - 2 potions of curing {unknown}
 n - a potion of flight {unknown}
 o - a potion of ambrosia {unknown}
 q - a potion of heal wounds {unknown}
 t - a potion of berserk rage {unknown}
 w - 2 potions of cancellation {unknown}


   Skills:
 - Level 5.0 Fighting
 + Level 8.3 Axes
 - Level 5.0 Armour
 - Level 2.1 Dodging


You had 6 spell levels left.
You didn't know any spells.
Your spell library was empty.

Dungeon Overview and Level Annotations

Branches:
Dungeon (6/15)             Temple (0/1) D:5

Altars:
Cheibriados
Gozag
Hepliaklqana
Nemelex Xobeh
Sif Muna
Vehumet
Yredelemnul

Shops:
D:3 *   D:4 *


Innate Abilities, Weirdness & Mutations

You have a pair of horns on your head.
You reflexively headbutt those who attack you in melee.


Message History

The ogre is almost dead.
The ogre closely misses you.
You hit the ogre.
You kill the ogre!
Trog accepts your kill.
Your Axes skill increases to level 8!
Things that are here:
a +0 giant club; an ogre corpse
There is an open door here.
An orc comes into view. It is wielding a +0 flail.
The orc shouts!
There is an open door here.
Things that are here:
a +0 giant club; an ogre corpse Throw: 2 darts (poison)
Press: ? - help, Q - select action, (/) - cycle Shift-Dir - straight line, f - orc
Aim: an orc, wielding a +0 flail (57% to hit)
You throw a poisoned dart.
The poisoned dart closely misses the orc.
Throw: dart (poison)
Press: ? - help, Q - select action, (/) - cycle Shift-Dir - straight line, f/p - orc
Aim: an orc, wielding a +0 flail (57% to hit)
You throw a poisoned dart.
The poisoned dart barely misses the orc.
You slash the orc!
You feel better.
You kill the orc!
Trog accepts your kill.
n - a fizzy white potion
Things that are here:
a +0 flail; an orc corpse
There is an open door here.
A two-headed ogre comes into view.
It is wielding two +0 giant spiked clubs.
The two-headed ogre shouts in stereo!
As you read the scroll of teleportation, it crumbles to dust.
You feel strangely unstable.
The two-headed ogre attacks as you move away!
The two-headed ogre hits you with a +0 giant spiked club!!
* * * LOW HITPOINT WARNING * * *
The two-headed ogre hits you with a +0 giant spiked club!!
You die...

##########
#........##########
#.##..............# ########
#.##..............# #.......
#.##..............###.......
#.####.....@O......)'(......
#.# #>.#####.########.......
#.# #.## #.# #....... #.#
#.######'##### #.......
#.###............# ########
#................#
#####............#
#####...(........#
#.......##########


You could see a two-headed ogre.

Vanquished Creatures
  A water moccasin (D:6)
  An ogre (D:6)
  A scorpion (D:5)
  2 jellies (D:5)
  A gnoll bouda (D:3)
  Jessica (D:2)
  3 iguanas
  6 adders
  3 gnolls (D:4)
  A white imp (D:6)
  An ufetubus (D:4)
  A worm (D:4)
  4 dart slugs
  3 orcs
  5 endoplasms
  A giant cockroach (D:3)
  3 goblins
  6 hobgoblins
  A quokka (D:1)
  4 ball pythons
  4 bats
  9 frilled lizards
  4 kobolds
  6 rats
  A spectral orc (D:5)
73 creatures vanquished.

Vanquished Creatures (others)
  2 fungi (D:2)
2 creatures vanquished.

Grand Total: 75 creatures vanquished

Notes
Turn   | Place    | Note
-------+----------+-------------------------------------------
     0 | D:1      | Strat the Minotaur Berserker began the quest for the Orb.
     0 | D:1      | Reached XP level 1. HP: 19/19 MP: 0/0
   223 | D:1      | Reached skill level 4 in Axes
   300 | D:1      | Reached XP level 2. HP: 23/26 MP: 1/1
   495 | D:2      | Noticed Jessica
   498 | D:2      | Reached skill level 5 in Axes
   498 | D:2      | Reached XP level 3. HP: 31/31 MP: 2/2
   508 | D:2      | Killed Jessica
   526 | D:2      | Reached ** piety under Trog
   600 | D:2      | Found a faded altar of an unknown god.
   617 | D:2      | Reached skill level 6 in Axes
   617 | D:2      | Reached XP level 4. HP: 36/39 MP: 3/3
   843 | D:3      | Identified the +2 scimitar of Geapogu {flame, Drain Will+
                  | MP+9 Dex+7}
  1007 | D:3      | Found a hazy altar of Hepliaklqana.
  1087 | D:3      | Found Sedoet's Assorted Antiques.
  1222 | D:4      | Reached XP level 5. HP: 45/46 MP: 4/4
  1259 | D:4      | Found a sparkling altar of Nemelex Xobeh.
  1345 | D:4      | Found Bourog's CLEARANCE SALE!.
  1355 | D:4      | Bought a potion of might for 24 gold pieces
  1450 | D:4      | Noticed a phantom
  1471 | D:5      | Entered Level 5 of the Dungeon
  1479 | D:5      | Found a staircase to the Ecumenical Temple.
  1513 | D:5      | Reached XP level 6. HP: 55/55 MP: 5/5
  1591 | D:5      | Reached skill level 5 in Fighting
  1591 | D:5      | Reached skill level 7 in Axes
  1607 | D:5      | Found a basalt altar of Yredelemnul.
  1652 | D:5      | Found an opulent altar of Gozag.
  1652 | D:5      | Found a faded altar of an unknown god.
  1660 | D:5      | Found a snail-covered altar of Cheibriados.
  1662 | D:5      | Found a shimmering blue altar of Sif Muna.
  1664 | D:5      | Found a radiant altar of Vehumet.
  1756 | D:6      | Noticed a water moccasin
  1771 | D:6      | Killed a water moccasin
  1772 | D:6      | Reached skill level 5 in Armour
  1772 | D:6      | Reached XP level 7. HP: 61/61 MP: 6/6
  1914 | D:6      | Reached skill level 8 in Axes
  1972 | D:6      | Noticed a two-headed ogre
  1982 | D:6      | Demolished by a two-headed ogre

Illustrated notes

Levels and vault maps discovered:
D:1:      matt_arrival_diagonals, layout_loops_ring
D:2:      layout_rooms, shapermc_ecumenical_altar_ellora, chequers_garden,
          uniq_jessica
D:3:      layout_loops_corners, nicolae_hepliaklqana_hazy_memory, serial_shops,
          shop, chequers_serial_rivers_micro_c, minmay_between, uniq_ijyb
D:4:      layout_basic, lemuel_crystal_altar, nicolae_overflow_hidden_temple,
          mainiacjoe_overflow_surrounded_room, pf_just_have_faith,
          nicolae_shop_clearance
D:5:      layout_gridville, chequers_temple_overflow_minitemple,
          yredelemnul_forgotten_temple_becter, minmay_temple_entry_mini_moons,
          minmay_misc_feat_hallway
D:6:      kennysheep_big_flooded_room, layout_basic

Skill      XL: |  1  2  3  4  5  6  7 |
---------------+----------------------+-----
Axes           | 4 5 6 7 8 |  8.3
Fighting       | 4 5 |  5.0
Armour         | 3 5 |  5.0
Dodging        | |  2.1

Action                   |  1- 3 |  4- 6 |  7- 9 || total
-------------------------+-------+-------+-------++-------
Melee: Hand axe          |    56 |   123 |    10 ||   189
       Headbutt          |     9 |    16 |     3 ||    28
Throw: Dart              |       |       |     2 ||     2
Invok: Berserk           |     1 |     2 |       ||     3
  Use: Scroll            |       |     8 |     1 ||     9
Armor: Leather armour    |     5 |       |       ||     5
       Scale mail        |    14 |    50 |     1 ||    65
Dodge: Dodged            |    30 |    72 |     2 ||   104
